 Dungeon Crawl Stone Soup version 0.28-a0-119-ga52ba8600a (webtiles) character file.

Game seed: 4908884898511977217

29 jisko22 the Ducker (level 3, -5/27 HPs)
             Began as a Djinni Fire Elementalist on Aug 13, 2021.
             Slain by a phantom (8 damage)
             ... on level 2 of the Dungeon.
             The game lasted 00:05:23 (1283 turns).

jisko22 the Ducker (Djinni Fire Elementalist)       Turns: 1283, Time: 00:05:23

Health: -5/27      AC:  2    Str:  7    XL:     3   Next: 32%
Gold:   66         EV: 12    Int: 16    God:
                   SH:  0    Dex: 14

rFire   + + .      SeeInvis .   c - +0 short sword
rCold   x . .      Faith    .   (no shield)
rNeg    . . .      Spirit   .   a - +0 robe
rPois   ∞          Reflect  .   (no helmet)
rElec   .          Harm     .   (no cloak)
rCorr   .          Rampage  .   (no gloves)
Will    .....                   (boots unavailable)
Stlth   ++........              (no amulet)
HPRegen 0.09/turn               (no ring)
MPRegen 0.00/turn               (no ring)

@: flying
A: sickness immunity, fire resistance 2, cold vulnerability 1, float, innate
caster, hp casting, extra vitality 1
a: no special abilities


You were on level 2 of the Dungeon.
You visited 1 branch of the dungeon, and saw 2 of its levels.

You collected 66 gold pieces.

Inventory:

Hand Weapons
 c - a +0 short sword (weapon)
Armour
 a - a +0 robe (worn)
Jewellery
 b - a ring of ice
Scrolls
 d - a scroll of fear {unknown}
 e - 3 scrolls of identify
 f - a scroll of amnesia {unknown}


   Skills:
 + Level 1.1 Fighting
 + Level 2.7 Dodging
 + Level 2.1 Stealth
 + Level 2.6 Spellcasting


You couldn't memorise any spells.
You knew the following spells:

 Your Spells              Type           Power      Damage    Failure   Level
a - Foxfire               Conj/Fire      40%        2x1d6     6%          1
b - Conjure Flame         Conj/Fire      10%        6-21      19%         3
c - Inner Flame           Hex/Fire       10%        N/A       19%         3
d - Sticky Flame          Conj/Fire      10%        2d3       54%         4
e - Fireball              Conj/Fire      5%         3d5       87%         5
f - Corona                Hex            11%        N/A       6%          1
Your spell library was empty.

Dungeon Overview and Level Annotations

Branches:
Dungeon (2/15)

Altars:


Innate Abilities, Weirdness & Mutations

You are immune to sickness and miasma.
You are immune to poison.
Your flesh is very heat resistant. (rF++)
You are vulnerable to cold. (rC-)
You float through the air rather than walking.
You learn spells naturally, not from books.
Your magical power is your life essence.
You have superior vitality. (+4 HP)


Message History

You conjure some foxfire!
The phantom hits you but does no damage.
The foxfire hits the phantom.
The phantom is moderately damaged.
The foxfire hits the phantom.
The phantom is moderately damaged.
The phantom hits you.
Casting: Foxfire (safe; 6% risk of failure)
Confirm with . or Enter, or press ? or * to list all spells.
You conjure some foxfire!
The phantom misses you.
The foxfire hits the phantom.
The phantom is moderately damaged.
The foxfire hits the phantom.
The phantom is heavily damaged.
The phantom barely misses you.
Casting: Foxfire (safe; 6% risk of failure)
Confirm with . or Enter, or press ? or * to list all spells.
You conjure some foxfire!
The phantom hits you.
* * * LOW HITPOINT WARNING * * *
The foxfire hits the phantom.
The phantom is heavily damaged.
The foxfire hits the phantom.
The phantom is heavily damaged.
The phantom hits you.
* * * LOW HITPOINT WARNING * * *
The phantom blinks!
You blink.
You aren't carrying any potions.
Okay, then.
Sorry, you're not good enough to have a special ability.
Casting: Foxfire (safe; 6% risk of failure)
Confirm with . or Enter, or press ? or * to list all spells.
Okay, then.
Casting: Foxfire (safe; 6% risk of failure)
Confirm with . or Enter, or press ? or * to list all spells.
You aren't experienced enough to cast this spell.
There is a stone staircase leading up here.
You hit the phantom but do no damage.
The phantom is heavily damaged.
The phantom hits you!
You die...

#.# #.# . ##.# .. #..#
####### >..######..#
#.....#
........#..####.....#
#..................#
#......=...........#
#.......@W..##.....#
#.....†...<<########
........†....#
..#..........# .
......†..##### ..
.##..#....####
....###...#.##....######
..[..............>......
...................###.


You could see a phantom.

Vanquished Creatures
  An adder (D:2)
  A ball python (D:2)
  2 bats (D:1)
  4 endoplasms (D:1)
  A giant cockroach (D:1)
  2 hobgoblins
  2 kobolds (D:1)
  A frilled lizard (D:2)
  3 rats (D:1)
17 creatures vanquished.

Vanquished Creatures (others)
  49 foxfires
49 creatures vanquished.

Grand Total: 66 creatures vanquished

Notes
Turn   | Place    | Note
-------+----------+-------------------------------------------
     0 | D:1      | jisko22 the Djinni Fire Elementalist began the quest for
                  | the Orb.
     0 | D:1      | Reached XP level 1. HP: 15/15 MP: 0/0
   235 | D:1      | Reached XP level 2. HP: 18/22 MP: 0/0
  1155 | D:2      | Reached skill level 1 in Fighting
  1155 | D:2      | Reached XP level 3. HP: 21/27 MP: 0/0
  1155 | D:2      | Learned a level 1 spell: Corona
  1250 | D:2      | Noticed a phantom
  1283 | D:2      | Slain by a phantom

Illustrated notes

Levels and vault maps discovered:
D:1:      lemuel_arrival_rhombus, layout_loops_corners
D:2:      layout_rooms, uniq_terence, uniq_robin

Skill      XL: |  1  2 |
---------------+-------+-----
Stealth        | 2 |  2.1
Fighting       | 1 |  1.1
Dodging        | |  2.7
Spellcasting   | |  2.6

Action                   || total
-------------------------++-------
Melee: Short sword       ||     6
 Cast: Foxfire           ||    30
  Use: Scroll            ||     1
 Stab: Sleeping          ||     1
Armor: Robe              ||     3
Dodge: Dodged            ||    11

Table legend: (Time is in decaauts)
 A = Elapsed time spent in this place.
 B = Non-inter-level travel time spent in this place.
 C = Inter-level travel time spent in this place.
 D = Time resting spent in this place.
 E = Time spent auto-exploring this place.
 F = Levels seen in this place.
 G = Mean time per level.
                   A        B        C        D        E       F      G
               +--------+--------+--------+--------+--------+-----+--------+
         Total |   1282 |   1216 |     66 |      0 |    963 |   2 |  641.0 |
       Dungeon |   1282 |   1216 |     66 |      0 |    963 |   2 |  641.0 |
               +--------+--------+--------+--------+--------+-----+--------+

Top non-repeatable levels by time:
     D:1: 1143 daAuts
     D:2: 139 daAuts
